 Dungeon Crawl Stone Soup version 0.23-a0-175-g97aacdb (webtiles) character file.

41 Amnesiac the Chiller (level 3, -3/24 HPs)
             Began as a Mummy Ice Elementalist on Sept 17, 2018.
             Splashed by Ijyb's acid (6 damage)
             ... on level 3 of the Dungeon.
             The game lasted 00:03:17 (1365 turns).

Amnesiac the Chiller (Mummy Ice Elementalist)       Turns: 1365, Time: 00:03:17

Health: -3/24      AC: -2    Str: 11    XL:     3   Next: 32%
Magic:  7/7        EV: 12    Int: 15    God:
Gold:   82         SH:  0    Dex: 12    Spells: 2/8 levels left

rFire    x . .     SeeInvis .   d - +0 dire flail
rCold    + . .     Gourm    .   (shield currently unavailable)
rNeg     + + +     Faith    .   a - +0 robe
rPois    ∞         Spirit   .   (no helmet)
rElec    .         Reflect  .   (no cloak)
rCorr    .         Harm     .   (no gloves)
MR       .....                  (no boots)
Stlth    ++........             (no amulet)
HPRegen  0.08/turn              (no ring)
MPRegen  0.10/turn              (no ring)

@: corroded
A: no food or potions, fire vulnerability, cold resistance 1, negative energy
resistance 3, torment resistance, unbreathing
a: no special abilities


You were on level 3 of the Dungeon.
You were not hungry.

You visited 1 branch of the dungeon, and saw 3 of its levels.

You collected 82 gold pieces.

Inventory:

Hand Weapons
 d - a +0 dire flail (weapon)
Armour
 a - a +0 robe (worn)
 e - a +2 cloak
Scrolls
 b - 2 scrolls of noise {!r, unknown}
 c - a scroll of identify {!r, unknown}
 f - a scroll of blinking {!r, unknown}
 g - a scroll of immolation {!r, unknown}
 h - a scroll of teleportation {!r, unknown}


   Skills:
 - Level 1.5 Dodging
 - Level 1.5 Stealth
 + Level 3.3 Spellcasting
 - Level 0.7 Conjurations
 * Level 3.4 Ice Magic


You had 2 spell levels left.
You knew the following spells:

 Your Spells              Type           Power        Failure   Level  Hunger
a - Freeze                Ice            ##..         4%          1    N/A
b - Throw Frost           Conj/Ice       #.....       13%         2    N/A
z - Ozocubu's Armour      Chrm/Ice       #.......     28%         3    N/A

Your spell library contained the following spells:

 Spells                   Type           Power        Failure   Level  Hunger
 Throw Icicle             Conj/Ice       #.......     63%         4    N/A
 Summon Ice Beast         Ice/Summ       #.......     67%         4    N/A

Dungeon Overview and Level Annotations

Branches:
Dungeon (3/15)

Altars:

Annotations:
D:2 exclusion: 2 downstairs
D:3 Ijyb


Innate Abilities, Weirdness & Mutations

You do not eat or drink.
Your flesh is vulnerable to fire.
You are immune to poison.
Your flesh is cold resistant. (rC+)
You are immune to negative energy. (rN+++)
You are immune to unholy pain and torment.
You can survive without breathing.


Message History

Aim: a frilled lizard You freeze the frilled lizard.
You kill the frilled lizard!
You see here a frilled lizard corpse.
You see here a frilled lizard corpse.
Magic restored.
There is a stone staircase leading down here.
HP restored.
You climb downwards.
Level annotation: Ijyb A goblin comes into view.
It is wielding a club.
There is a stone staircase leading up here.
The goblin shouts!
The orc shouts!
Casting: Freeze (safe; 4% risk of failure)
Confirm with . or Enter, or press ? or * to list all spells.
Aiming: Freeze (safe; 4% risk of failure)
Press: ? - help, Shift-Dir - straight line, f - goblin
Aim: a goblin, wielding a club You freeze the goblin.
You kill the goblin!
Casting: Freeze (safe; 4% risk of failure)
Confirm with . or Enter, or press ? or * to list all spells.
Aiming: Freeze (safe; 4% risk of failure)
Press: ? - help, Shift-Dir - straight line, f - orc
Aim: an orc, wielding a dagger You freeze the orc.
The orc is almost dead.
The orc hits you with a dagger.
There is a stone staircase leading up here.
The orc misses you.
You climb upwards.
Level annotation: exclusion: downstairs
There is a stone staircase leading down here.
Casting: Freeze (safe; 4% risk of failure)
Confirm with . or Enter, or press ? or * to list all spells.
Aiming: Freeze (safe; 4% risk of failure)
Press: ? - help, Shift-Dir - straight line, f - orc
Aim: an orc, wielding a dagger (almost dead)
You freeze the orc.
You kill the orc!
Things that are here:
a dagger; an orc corpse You start resting.
Magic restored.
Press: ? - help, v - describe, . - travel A stone staircase leading down.
Placed new exclusion.
Reduced exclusion size to a single square.
There is a stone staircase leading down here.
HP restored.
h - a scroll labeled FIASIGE KARIEW {!r} You see here a frilled lizard corpse.
Done exploring.
Done exploring.
There is a stone staircase leading down here.
This staircase is marked as excluded!
Enter next level anyway?
You climb downwards.
Level annotation: Ijyb Ijyb zaps a wand.
The bolt of acid hits you!
Ouch! That really hurt!
* * * LOW HITPOINT WARNING * * *
The acid corrodes you!
You are splashed with acid!
The acid burns!
You die...

# ..####### ......
.... .
###+###.####....
........@.......
......#.#####.....
........# ...
......#)# ...
......#.# .$.
..... .g. #.#####
##### .....
#.....#
....g...##.....#
.....g....<....#


You could see Ijyb.

Vanquished Creatures
  An adder (D:2)
  An ooze (D:2)
  An orc (D:2)
  A ball python (D:2)
  2 giant cockroaches (D:2)
  3 goblins
  4 hobgoblins
  4 kobolds
  A quokka (D:2)
  4 frilled lizards (D:2)
  2 rats
24 creatures vanquished.

Notes
Turn   | Place    | Note
-------+----------+-------------------------------------------
     0 | D:1      | Amnesiac the Mummy Ice Elementalist began the quest for the
                  | Orb.
     0 | D:1      | Reached XP level 1. HP: 13/13 MP: 4/4
   237 | D:2      | Reached XP level 2. HP: 13/19 MP: 0/5
   287 | D:2      | Learned a level 2 spell: Throw Frost
   721 | D:3      | Noticed Ijyb
   926 | D:2      | Reached XP level 3. HP: 24/24 MP: 3/7
   935 | D:2      | Learned a level 3 spell: Ozocubu's Armour
  1365 | D:3      | Splashed by Ijyb's acid

Vault maps used:
D:1:      minmay_arrival_wavy_path
D:2:      lemuel_upstairs_altar
D:3:      chequers_temple_overflow_statue_of_worship, st_stairs_5,
          kennysheep_potato, uniq_ijyb

Skill      XL: |  1  2 |
---------------+-------+-----
Spellcasting   | 3 |  3.3
Ice Magic      | 3 |  3.4
Dodging        | |  1.5
Stealth        | |  1.5
Conjurations   | |  0.7

Action                   || total
-------------------------++-------
Melee: Unarmed           ||     1
       Dire flail        ||     1
 Cast: Freeze            ||    41
 Stab: Sleeping          ||     2
Armor: Robe              ||     2
Dodge: Dodged            ||    16

Table legend:
 A = Non-vault XP
 B = Vault XP
 C = Vault XP percentage of total XP
 D = Non-vault monster count
 E = Vault monster count
 F = Vault count percentage of total count
                 A         B        C        D         E       F
            +---------+---------+-------+---------+---------+-------
      Total |      59 |       0 |   0.0 |      24 |       0 |   0.0
            +---------+---------+-------+---------+---------+-------
        D:1 |      13 |       0 |   0.0 |       7 |       0 |   0.0
        D:2 |      44 |       0 |   0.0 |      16 |       0 |   0.0
        D:3 |       2 |       0 |   0.0 |       1 |       0 |   0.0
            +---------+---------+-------+---------+---------+-------
